Cogmind - Beta 16 @@@ ROGUE MODE // 2025.11.17 @ 15:05:03 Player: ChromeKnight Result: Destroyed by EXE-6 with Concept XC Strikerail Performance ------------- Evolutions (8) 4000 Regions Visited (13) 2600 Robots Destroyed (113) 565 Value Destroyed (5844) 5844 Prototype IDs (29) 580 Alien Tech Used (3) 600 Bonus (7233) 7233 TOTAL SCORE: 21422 Bonus ------- High Alert Combat Kills 186 Follower Combat Kills 1247 Forged Quantum Companion 2000 Registered with UFD 300 Met Optimus in HQ 500 Used Core Reset Matrix 3000 Cogmind --------- Core Integrity 0/1450 Matter 300/300 Energy 1/100 System Corruption 9% Temperature Cool (0) Movement Hovering (52) Location -2/Protoforge Parts ------- > --- POWER (2) -------- (None) > --- PROPULSION (7) --- Cooled Gravmag System Improved Gyrokinetic Inverter Improved Gyrokinetic Inverter Improved Gyrokinetic Inverter Combat Linear Gravjet > --- UTILITY (12) ----- Improved Melee Analysis Suite Core Analyzer Jamming Amplifier > --- WEAPON (2) ------- Superquantum Companion > --- INVENTORY (5) ---- Experimental Actuator Array Core Cannon Core Stripper Peak State ------------ > --- POWER ------------ Light Quantum Reactor Light Quantum Reactor > --- PROPULSION ------- Linear Gravjet Cooled Gravmag System Cooled Gravmag System Cooled Gravmag System Improved Gyrokinetic Inverter Improved Gyrokinetic Inverter Combat Linear Gravjet > --- UTILITY ---------- High-capacity Storage Unit Quantum Shading Machine Advanced Sensor Array Experimental Signal Interpreter Improved Melee Analysis Suite Core Analyzer Improved Armor Integrity Analyzer Microactuators Advanced Transmission Jammer Jamming Amplifier System Mapper Experimental System Guard > --- WEAPON ----------- Gamma Rifle Quantum Companion > --- INVENTORY -------- Light Quantum Reactor Light Quantum Reactor Light Quantum Reactor Linear Gravjet Cooled Gravmag System Improved Antigrav System Improved Antigrav System Antigrav Array Advanced Sensor Array Nanoactuators Advanced Transmission Jammer Improved Shock Absorption System Core Reset Matrix Core Cannon Improved Plasma Cutter CPS Tube Core Stripper [Rating: 179] Favorites ----------- Power Light Quantum Reactor Engine Ion Engine Power Core Light Fission Core Reactor Light Quantum Reactor Propulsion Cooled Gravmag System Treads Light Treads Leg Improved Titanium Leg Hover Unit Cooled Gravmag System Utility Core Analyzer Device Microactuators Storage High-capacity Storage Unit Processor Core Analyzer Hackware System Mapper Protection Reflective Plating Weapon Companion Sword Energy Gun Thermic Laser Ballistic Gun Light Assault Rifle Ballistic Cannon Heavy Flak Cannon Launcher Subdweller Shrapnel Launcher Special Weapon Junk Cannon Slashing Weapon Companion Sword Build | -11 -10 -10 -10 -7 -7 -5 -4 -4 -3 -3 -2 -2 -2 ------- Run | Yrd Mat Min Sub Rec Scr Fac Fac Arm Res Tes Res Qua Frg Slots Evolved 16 | . . . . . . 10 2 . 2 . 2 . . Power 1 | . . . . . . 1 . . . . . . . Propulsion 5 | . . . . . . 3 . . 2 . . . . Utility 10 | . . . . . . 6 2 . . . 2 . . Weapon . | . . . . . . . . . . . . . . Parts Attached 140 | 6 2 . 3 1 10 25 23 26 10 11 3 12 8 Power 15 | 1 . . . . 1 3 4 3 . . . 1 2 Engine 1 | 1 . . . . . . . . . . . . . Core 5 | . . . . . 1 3 1 . . . . . . Reactor 9 | . . . . . . . 3 3 . . . 1 2 Propulsion 44 | 2 . . . . 2 9 9 11 3 3 . 5 . Treads 2 | 2 . . . . . . . . . . . . . Leg 15 | . . . . . 2 9 3 1 . . . . . Wheel . | . . . . . . . . . . . . . . Hover 27 | . . . . . . . 6 10 3 3 . 5 . Flight . | . . . . . . . . . . . . . . Utility 58 | 1 2 . . . 3 12 9 7 6 4 3 5 6 Device 27 | . . . . . 3 6 5 4 3 2 1 2 1 Storage 4 | 1 2 . . . . 1 . . . . . . . Processor 12 | . . . . . . 1 4 1 2 1 1 2 . Hackware 3 | . . . . . . . . 2 . . 1 . . Protection 12 | . . . . . . 4 . . 1 1 . 1 5 Artifact . | . . . . . . . . . . . . . . Weapon 23 | 2 . . 3 1 4 1 1 5 1 4 . 1 . Energy Gun 5 | . . . . . 2 . . . . 2 . 1 . Energy Cannon . | . . . . . . . . . . . . . . Ballistic Gun 8 | 2 . . 2 . . . 1 1 1 1 . . . Ballistic Cannon 2 | . . . . . . 1 . 1 . . . . . Launcher 3 | . . . 1 . . . . 2 . . . . . Special Weapon 4 | . . . . 1 1 . . 1 . 1 . . . Impact Weapon . | . . . . . . . . . . . . . . Slashing Weapon 1 | . . . . . 1 . . . . . . . . Piercing Weapon . | . . . . . . . . . . . . . . Special Melee Weapon . | . . . . . . . . . . . . . . Unidentified Prototypes 22 | . . . . . 2 . 1 6 3 4 1 3 2 Parts Lost 55 | . . . 5 . . 7 18 2 . 4 . 2 17 Power 12 | . . . 1 . . 1 4 2 . . . . 4 Propulsion 13 | . . . 1 . . 3 6 . . 1 . . 2 Utility 23 | . . . . . . 2 7 . . 2 . 1 11 Weapon 7 | . . . 3 . . 1 1 . . 1 . 1 . Highest Loss Streak 13 | . . . 3 . . 3 10 2 . 2 . 1 13 To Critical Strikes . | . . . . . . . . . . . . . . Average Backups 12 | . . 1 2 3 9 13 13 16 17 16 14 16 13 Power . | . . . . . . . . 1 3 2 2 2 1 Propulsion 3 | . . . . . 2 . 3 5 5 6 5 5 4 Utility 5 | . . . . . 4 8 6 6 5 5 4 4 3 Weapon 1 | . . 1 2 3 2 1 1 . 1 1 1 1 2 Tool/Special . | . . . . . . . . . . . . . . Unused Backups 45 | . . . . . 2 3 . 19 . 11 . 4 6 Power 6 | . . . . . . . . 3 . 2 . 1 . Propulsion 12 | . . . . . . . . 6 . 3 . . 3 Utility 22 | . . . . . 2 3 . 8 . 5 . 3 1 Weapon 5 | . . . . . . . . 2 . 1 . . 2 Tool/Special . | . . . . . . . . . . . . . . Average Slot Usage (%) 87 | . 86 85 52 28 74 95 95 94 97 99 96 96 82 Core 4 | . . . . . 11 10 5 . . . . . . Reactor 3 | . . . . . . . 3 9 9 9 8 8 6 Treads 2 | . 28 28 21 14 . . . . . . . . . Leg 12 | . . . . . 25 28 23 . . . . . . Hover 12 | . . . . . . . 1 26 32 32 30 30 28 Device 17 | . . . . . 11 22 24 24 20 21 24 22 16 Storage 7 | . 15 14 14 14 14 5 5 5 4 4 4 4 3 Processor 9 | . . . . . . 4 14 20 16 14 16 17 13 Protection 3 | . . . . . . 9 5 . 3 5 . 2 7 Energy Gun 1 | . . . . . 5 . . . . . 4 3 . Ballistic Gun 2 | . 28 28 9 . . . 4 . 2 3 . . . Slashing Weapon 3 | . . . . . . 5 5 5 4 4 4 4 4 Peak Build Rating 179 | 6 7 6 6 3 34 79 105 127 150 149 163 179 160 Average Rating 83 | 4 6 6 3 2 23 73 95 114 140 145 156 168 143 On Entrance 67 | . 6 6 6 2 2 28 71 100 123 146 137 163 159 Avg Prop Armor Cover (%) 7 | . . . . . . . . . 2 . . . 8 Naked Turns . | . . . . . . . . . . . . . . Heaviest Build 99 | 12 27 27 28 20 45 84 88 75 93 99 88 98 91 Greatest Support 105 | 40 40 40 40 20 38 90 105 75 101 103 100 103 103 Greatest Overweight (x) 14 | . . . . . 1 1 2 1 1 . . 1 14 Average Overweight (x) . | . . . . . . . . . . . . . . Largest Inventory Capacity 20 | 8 15 15 15 15 15 20 20 20 20 20 20 20 20 Average Capacity 17 | 7 11 15 15 15 15 17 20 20 20 20 20 20 18 Most Carried 20 | . 1 3 3 3 14 20 20 20 20 20 18 20 20 Average Carried 14 | . . 1 2 2 10 16 16 18 19 19 16 19 17 Final Capacity 20 | 8 15 15 15 15 15 20 20 20 20 20 20 20 5 Final Carried 20 | . . 3 3 3 13 20 15 20 20 18 18 20 5 Class Distribution -------------------- 60% | Mutant 16% | Sprinter 11% | Commander-Mutant 7% | Scavenger-Mutant 3% | Hacker-Sprinter Dominant Class ---------------- Mutant | -10/Materials Mutant | -10/Mines Mutant | -10/Subcaves Mutant | -7/Recycling Mutant | -7/Scraptown Mutant | -5/Factory Scavenger-Mutant | -4/Factory Commander-Mutant | -4/Armory Sprinter | -3/Research Sprinter | -3/Testing Hacker-Sprinter | -2/Research Hacker-Sprinter | -2/Quarantine Mutant | -2/Protoforge Resources | -11 -10 -10 -10 -7 -7 -5 -4 -4 -3 -3 -2 -2 -2 ----------- Run | Yrd Mat Min Sub Rec Scr Fac Fac Arm Res Tes Res Qua Frg Matter Collected 2267 | 236 72 4 67 . 149 388 300 360 117 244 60 188 82 Remotely . | . . . . . . . . . . . . . . Salvage Created 5966 | . 76 . 49 . . 1209 1033 676 117 1211 43 622 930 Parts 336 | . 8 . 11 . . 61 60 34 8 80 1 38 35 Haulers Intercepted 2 | . . . . . . . . . 1 . . 1 . Recyclers Shooed 1 | . . . . . . . 1 . . . . . . Parts Field Recycled . | . . . . . . . . . . . . . . Retrieved Matter . | . . . . . . . . . . . . . . Parts Self-Destructed 13 | . . . 13 . . . . . . . . . . Prevented . | . . . . . . . . . . . . . . Parts Restored . | . . . . . . . . . . . . . . Kills | -11 -10 -10 -10 -7 -7 -5 -4 -4 -3 -3 -2 -2 -2 ------- Run | Yrd Mat Min Sub Rec Scr Fac Fac Arm Res Tes Res Qua Frg Combat Hostiles Destroyed 81 | . 4 . 7 . . 14 14 10 . 14 . 6 12 Melee 62 | . . . . . . 14 13 10 . 12 . 6 7 Guns 8 | . 4 . 3 . . . 1 . . . . . . Cannons 1 | . . . . . . . . . . . . . 1 AOE 4 | . . . 4 . . . . . . . . . . Classes Destroyed 14 | . 2 . 1 . . 7 2 1 1 . . . . Worker 8 | . . . . . . 4 3 . 1 . . . . Builder 1 | . . . . . . 1 . . . . . . . Hauler 2 | . . . . . . . . . 1 . . 1 . Recycler 4 | . . . . . . 2 1 . . 1 . . . Mechanic 1 | . . . . . . . 1 . . . . . . Operator 8 | . . . . . . 1 2 2 1 1 . 1 . Turret 2 | . . . 2 . . . . . . . . . . Watcher 6 | . . . . . . 2 . . . 2 1 1 . Swarmer 19 | . 3 . 7 . . . 5 1 . . . . 3 Saboteur 1 | . . . . . . . . 1 . . . . . Grunt 16 | . 1 . . . . 7 1 3 . 4 . . . Sentry 6 | . . . . . . . 1 2 . . . 3 . Hunter 14 | . . . . . . 4 4 2 . 4 . . . Programmer 16 | . . . . . . 3 3 1 . 6 . 3 . Hotshot 9 | . . . . . . . . . . . . . 9 Best Kill Streak 7 | . 3 . 3 . . 7 6 3 1 3 1 2 5 Combat Bots Only 6 | . 3 . 3 . . 3 6 3 . 3 . 2 5 Max Kills in Single Turn 2 | . 1 . 1 . . 1 2 1 1 1 1 1 1 Gunslinging . | . . . . . . . . . . . . . . Exploded 1 | . . . 1 . . . . . . . . . . Melee 2 | . . . . . . 1 2 1 . 1 . 1 1 Uniques/NPCs Destroyed . | . . . . . . . . . . . . . . Combat | -11 -10 -10 -10 -7 -7 -5 -4 -4 -3 -3 -2 -2 -2 -------- Run | Yrd Mat Min Sub Rec Scr Fac Fac Arm Res Tes Res Qua Frg Hostile Shots Fired 754 | . 26 2 31 . . 154 205 92 4 114 . 29 97 Missed 231 | . 2 1 10 . . 46 60 44 2 41 . 9 16 Deflected 2 | . . . . . . . . . . . . 1 1 Hits 523 | . 24 1 21 . . 108 145 48 2 73 . 20 81 Projectile 523 | . 24 1 21 . . 108 145 48 2 73 . 20 81 AOE 5 | . . . 2 . . 1 . . . . . . 2 Critical Strikes 24 | . . . . . . 6 3 2 . 3 . 1 9 Actively Blocked 2 | . . . . . . 1 . . . . . . 1 Damage Taken 9537 | . 195 10 420 . . 1491 2095 524 59 1397 . 508 2838 Core 2491 | . 45 . 66 . . 210 368 119 59 186 . 128 1310 Absorbed by Shields 1304 | . . . . . . 545 515 244 . . . . . Redirected to Shielding 570 | . . . . . . 104 . . . . . . 466 Ignored by Resistances 352 | . . . . . . 86 166 . . 100 . . . Core Remaining (%) 74 | 100 . . . . 55 79 . 57 . 81 . . . Volleys Fired 53 | . 16 . 16 . . 1 14 1 . 5 . . . Largest 2 | . 2 . 2 . . 1 1 1 . 1 . . . Hottest 44 | . 40 . 40 . . 44 35 20 . 40 . . . Shots Fired 78 | . 32 . 24 . . 2 14 1 . 5 . . . Gun 66 | . 32 . 16 . . . 14 . . 4 . . . Cannon 2 | . . . . . . 2 . . . . . . . Launcher 8 | . . . 8 . . . . . . . . . . Special 2 | . . . . . . . . 1 . 1 . . . Kinetic 76 | . 32 . 24 . . 2 14 . . 4 . . . Thermal 1 | . . . . . . . . 1 . . . . . Explosive . | . . . . . . . . . . . . . . Electromagnetic . | . . . . . . . . . . . . . . Robot Hit Streak 5 | . 4 . 5 . . . 4 . . 1 . . . Robot Miss Streak 8 | . 3 . 3 . . 7 8 . . . . . . Penetration Max 2 | . . . . . . . 2 . . . . . . Secondary Targets 2 | . 1 . 1 . . . . . . . . . . Max Gunslinging Chain 1 | . 1 . 1 . . . . . . . . . . Autonomous 2 | . . . . . . . . . . . . . 2 Shots Hit Robots 318 | . 19 . 12 . . 69 59 32 3 61 1 21 41 Core Hits 161 | . 6 . 15 . . 32 34 17 3 25 1 11 17 Critical Kills 4 | . . . . . . . 4 . . . . . . Critical Parts Destroyed 2 | . . . . . . . 2 . . . . . . Critical Strikes 10 | . . . . . . . 10 . . . . . . Destroy 6 | . . . . . . . 6 . . . . . . Melee Attacks 391 | . . . . . . 101 65 40 10 89 3 27 56 Impact . | . . . . . . . . . . . . . . Slashing 391 | . . . . . . 101 65 40 10 89 3 27 56 Piercing . | . . . . . . . . . . . . . . Sneak Attacks 33 | . . . . . . 12 7 2 2 3 . 3 4 Combat Hostiles 9 | . . . . . . 1 2 1 . 1 . . 4 Follow-up Attacks 5 | . . . . . . . 2 . . 3 . . . Damage Inflicted 15493 | . 168 . 550 . . 3364 2427 1436 196 2627 57 1515 3153 Guns 382 | . 168 . 80 . . . 134 . . . . . . Cannons 186 | . . . . . . . . . . . . . 186 Explosions 470 | . . . 470 . . . . . . . . . . Melee 14423 | . . . . . . 3332 2293 1436 196 2627 57 1515 2967 Ramming 32 | . . . . . . 32 . . . . . . . Kinetic 852 | . 168 . 550 . . . 134 . . . . . . Thermal . | . . . . . . . . . . . . . . Explosive . | . . . . . . . . . . . . . . Electromagnetic . | . . . . . . . . . . . . . . Impact . | . . . . . . . . . . . . . . Slashing 14423 | . . . . . . 3332 2293 1436 196 2627 57 1515 2967 Piercing . | . . . . . . . . . . . . . . Phasic 186 | . . . . . . . . . . . . . 186 Highest Corruption 9 | . . . . . . 3 . . . 8 . 3 9 Average Corruption 3 | . . . . . . 2 . . . 6 . 2 6 Corruption Purged . | . . . . . . . . . . . . . . Corruption Blocked . | . . . . . . . . . . . . . . Effects 47 | . . . . . . 17 . . . 25 . 3 2 Message Errors 9 | . . . . . . 4 . . . 3 . 1 1 Matter Fused 12 | . . . . . . 5 . . . 6 . 1 . Heat Flow Errors 7 | . . . . . . 2 . . . 5 . . . Energy Discharges 7 | . . . . . . 2 . . . 3 . 1 1 Parts Rejected 1 | . . . . . . . . . . 1 . . . Data Loss (minor) 7 | . . . . . . 3 . . . 4 . . . Data Loss (major) 1 | . . . . . . . . . . 1 . . . Misfires 1 | . . . . . . 1 . . . . . . . Alerts 2 | . . . . . . . . . . 2 . . . Overload Shots . | . . . . . . . . . . . . . . Overflow Damage 779 | . . . 62 . . 202 152 19 . 172 . 172 . Projectiles . | . . . . . . . . . . . . . . Explosions 62 | . . . 62 . . . . . . . . . . Melee 717 | . . . . . . 202 152 19 . 172 . 172 . Knockbacks . | . . . . . . . . . . . . . . Impact . | . . . . . . . . . . . . . . Kinetic . | . . . . . . . . . . . . . . Secondary . | . . . . . . . . . . . . . . Self-Inflicted Damage 156 | . . . 156 . . . . . . . . . . Shots 4 | . . . 4 . . . . . . . . . . Rammed . | . . . . . . . . . . . . . . Targets Rammed 1 | . . . . . . 1 . . . . . . . Kicked 1 | . . . . . . 1 . . . . . . . Crushed . | . . . . . . . . . . . . . . Highest Temperature 404 | . 12 . . . . 183 15 . 404 382 96 . . Average Temperature 80 | . 6 . . . . 65 8 . 121 83 38 . . Received Heat Transfer 938 | . 30 6 54 . . 285 99 53 . 87 . 36 288 Effects 3 | . . . . . . . . . . 3 . . . Shutdowns 1 | . . . . . . . . . . 1 . . . Energy Bleed 1 | . . . . . . . . . . 1 . . . Interference 1 | . . . . . . . . . . 1 . . . Siege Activations . | . . . . . . . . . . . . . . Martial Activations . | . . . . . . . . . . . . . . Shielding Activations . | . . . . . . . . . . . . . . Robots Disrupted 3 | . . . . . . . 1 . . . . 1 1 Combat Hostiles 3 | . . . . . . . 1 . . . . 1 1 Robots Corrupted . | . . . . . . . . . . . . . . Combat Hostiles . | . . . . . . . . . . . . . . Parts Fried . | . . . . . . . . . . . . . . Impact Corruptions . | . . . . . . . . . . . . . . Robots Melted . | . . . . . . . . . . . . . . Combat Hostiles . | . . . . . . . . . . . . . . Parts Melted . | . . . . . . . . . . . . . . Heat Transferred . | . . . . . . . . . . . . . . Parts Sabotaged . | . . . . . . . . . . . . . . Parts Stolen . | . . . . . . . . . . . . . . Parts Stripped 40 | . . . . . . . . . . . . . 40 Power Chain Reactions . | . . . . . . . . . . . . . . Alert | -11 -10 -10 -10 -7 -7 -5 -4 -4 -3 -3 -2 -2 -2 ------- Run | Yrd Mat Min Sub Rec Scr Fac Fac Arm Res Tes Res Qua Frg Maximum Alert Level 3 | . . . . . . 1 . 3 2 1 1 . . Low Security (%) 62 | 100 100 100 . 100 . 94 100 15 . . 77 100 100 Level 1 28 | . . . . . . 5 . 54 . 100 22 . . Level 2 4 | . . . . . . . . 5 100 . . . . Level 3 4 | . . . . . . . . 23 . . . . . Level 4 . | . . . . . . . . . . . . . . Level 5 . | . . . . . . . . . . . . . . High Security . | . . . . . . . . . . . . . . Max Security . | . . . . . . . . . . . . . . Peak Influence 957 | . 70 73 . . . 265 141 957 504 372 207 56 173 Initial 500 | . . 19 . . . . 119 18 500 247 207 7 . Average 169 | . 43 32 . . . 47 52 412 477 298 121 20 73 Influence Increases 4392 | . 100 95 205 . . 584 443 1606 70 671 7 238 373 Destroy 0b10 Robot/C 2240 | . 80 80 180 . . 280 280 660 . 320 . 120 240 Destroy 0b10 Robot/NC 155 | . . . . . . 50 35 10 15 25 5 15 . Destroy Leader 446 | . 20 10 10 . . 54 60 170 2 64 2 14 40 Allied During Kill 548 | . . 5 . . . . . 536 . 7 . . . Trap Triggered on 0b10 20 | . . . . . . 10 . . . . . 10 . Successful Hack 55 | . . . . . . 5 . 34 . . . 16 . Disable Machine 210 | . . . . . . 15 . 60 30 45 . 45 15 Destroy Structure 133 | . . . . . . 20 8 46 8 30 . 3 18 Partial Spotted 135 | . . . . . . 15 . 15 . 30 . 15 60 Lose Combat Pursuer 450 | . . . 15 . . 135 60 75 15 150 . . . Influence Decreases 4391 | . 50 145 205 . . 341 647 692 583 743 361 252 372 Entered New Map 990 | . . 31 . . . . 124 21 453 193 161 7 . Time Decay 2505 | . 50 114 155 . . 271 357 451 130 490 50 235 202 Lost Part 526 | . . . 50 . . 70 166 20 . 40 . 10 170 Lost Ally 220 | . . . . . . . . 200 . 20 . . . Purge Threat 150 | . . . . . . . . . . . 150 . . Squads Dispatched 32 | . 2 . . . . 11 4 5 1 5 . 3 1 Investigation 6 | . 1 . . . . 4 1 . . . . . . Extermination 15 | . . . . . . 3 1 4 . 3 . 3 1 Reinforcement 10 | . 1 . . . . 4 2 1 1 1 . . . Assault 1 | . . . . . . . . . . 1 . . . Garrison . | . . . . . . . . . . . . . . Intercept . | . . . . . . . . . . . . . . Searches Triggered . | . . . . . . . . . . . . . . Construction Impeded 1 | . . . . . . 1 . . . . . . . Haulers Reinforced 2 | . . . . . . 1 1 . . . . . . Active Scanning Responses . | . . . . . . . . . . . . . . Cargo Convoy Interrupts 1 | . . . . . . 1 . . . . . . . Stealth | -11 -10 -10 -10 -7 -7 -5 -4 -4 -3 -3 -2 -2 -2 --------- Run | Yrd Mat Min Sub Rec Scr Fac Fac Arm Res Tes Res Qua Frg Distress Signals 20 | . . . . . . 5 3 5 2 2 . 2 1 Communications Jammed 23 | . . . . . . . 21 . . . . . 2 Distress Signals 23 | . . . . . . . 21 . . . . . 2 Times Spotted 198 | . 9 2 10 . . 34 26 41 3 35 1 14 23 Peak Tracking Total 11 | . 5 . 3 . . 6 11 11 3 8 1 6 8 Tactical Retreats 15 | . . . 1 . . 5 2 1 1 5 . . . Traps | -11 -10 -10 -10 -7 -7 -5 -4 -4 -3 -3 -2 -2 -2 ------- Run | Yrd Mat Min Sub Rec Scr Fac Fac Arm Res Tes Res Qua Frg Traps Triggered 5 | . 1 . . . . . 2 1 . . . . 1 Indirectly . | . . . . . . . . . . . . . . Trap Hack Attempts . | . . . . . . . . . . . . . . Triggered . | . . . . . . . . . . . . . . Disarmed . | . . . . . . . . . . . . . . Reprogrammed . | . . . . . . . . . . . . . . Reused 2 | . . . . . . 1 . . . . . 1 . Traps Extracted . | . . . . . . . . . . . . . . Installed 2 | . . . . . . 1 . . . . . 1 . Triggered 2 | . . . . . . 1 . . . . . 1 . Most Traps Carried 2 | . . . . . 2 2 1 1 1 1 1 1 . Machines | -11 -10 -10 -10 -7 -7 -5 -4 -4 -3 -3 -2 -2 -2 ---------- Run | Yrd Mat Min Sub Rec Scr Fac Fac Arm Res Tes Res Qua Frg Machines Disabled 17 | . . . 3 . . 1 . 4 2 3 . 3 1 Max in Single Turn 3 | . . . 3 . . 1 . 1 1 1 . 1 1 Garrison Access 1 | . . . . . . . . . 1 . . . . Machines Repaired . | . . . . . . . . . . . . . . Machines Dismantled . | . . . . . . . . . . . . . . Machines Sabotaged . | . . . . . . . . . . . . . . Overloaded Fab Kills . | . . . . . . . . . . . . . . Hacking | -11 -10 -10 -10 -7 -7 -5 -4 -4 -3 -3 -2 -2 -2 --------- Run | Yrd Mat Min Sub Rec Scr Fac Fac Arm Res Tes Res Qua Frg Machines Accessed 37 | . . . . . 3 8 3 8 5 5 2 3 . Terminals 18 | . . . . . . 1 1 5 3 4 1 3 . Fabricators 7 | . . . . . . 2 1 3 1 . . . . Repair Stations . | . . . . . . . . . . . . . . Recycling Units 3 | . . . . . . 3 . . . . . . . Scanalyzers 2 | . . . . . . 1 1 . . . . . . Garrison Access 4 | . . . . . . 1 . . 1 1 1 . . Total Hacks 64 | . . . . . 3 15 6 14 12 8 3 3 . Successful 20 | . . . . . 3 5 . 8 1 1 1 1 . Failed 43 | . . . . . . 9 6 6 11 7 2 2 . Catastrophic 16 | . . . . . . 1 3 3 4 3 . 2 . Database Lockouts 1 | . . . . . . 1 . . . . . . . Manual 10 | . . . . . . 4 . 2 3 . . 1 . Terminals 33 | . . . . . . 2 3 11 6 7 1 3 . Fabricators 10 | . . . . . . 2 1 3 4 . . . . Repair Stations . | . . . . . . . . . . . . . . Recycling Units 4 | . . . . . . 4 . . . . . . . Scanalyzers 6 | . . . . . . 4 2 . . . . . . Garrison Access 8 | . . . . . . 3 . . 2 1 2 . . Terminal Hacks 13 | . . . . . 3 1 . 6 . 1 1 1 . Record 1 | . . . . . 1 . . . . . . . . Robot Schematic 1 | . . . . . . . . . . 1 . . . Robot Analysis 1 | . . . . . . . . . . . . 1 . Open Door 1 | . . . . . 1 . . . . . . . . Emergency Access Points 1 | . . . . . . . . 1 . . . . . Unreport Threat 1 | . . . . . . . . . . . 1 . . Locate Traps 2 | . . . . . . . . 2 . . . . . Zone Layout 4 | . . . . . . 1 . 3 . . . . . Proto ID Catalog 1 | . . . . . 1 . . . . . . . . Fabricator Hacks 3 | . . . . . . 1 . 2 . . . . . Network Status 2 | . . . . . . 1 . 1 . . . . . Build 1 | . . . . . . . . 1 . . . . . Repair Station Hacks . | . . . . . . . . . . . . . . Recycling Unit Hacks . | . . . . . . . . . . . . . . Scanalyzer 1 | . . . . . . 1 . . . . . . . Retrieve Study 1 | . . . . . . 1 . . . . . . . Garrison Access Hacks 1 | . . . . . . . . . 1 . . . . Seal Access 1 | . . . . . . . . . 1 . . . . Unauthorized Hacks 2 | . . . . . . 2 . . . . . . . Terminals . | . . . . . . . . . . . . . . Fabricators . | . . . . . . . . . . . . . . Repair Stations . | . . . . . . . . . . . . . . Recycling Units 2 | . . . . . . 2 . . . . . . . Fedlink 2 | . . . . . . 2 . . . . . . . Scanalyzers . | . . . . . . . . . . . . . . Garrison Access . | . . . . . . . . . . . . . . Data Cores Recovered 3 | . . . . . . . 1 1 . . . 1 . Used 2 | . . . . . . . . 1 . . . 1 . Hacking Detections 27 | . . . . . . 4 3 6 5 4 2 3 . Full Trace Events 2 | . . . . . . 1 1 . . . . . . Feedback Events . | . . . . . . . . . . . . . . Feedback Blocked . | . . . . . . . . . . . . . . Robot Schematics Acquired 1 | . . . . . . . . . . 1 . . . Robots Built . | . . . . . . . . . . . . . . Authchips . | . . . . . . . . . . . . . . Time . | . . . . . . . . . . . . . . Total Robot Build Rating . | . . . . . . . . . . . . . . Part Schematics Acquired . | . . . . . . . . . . . . . . Parts Built 1 | . . . . . . . . 1 . . . . . Authchips . | . . . . . . . . . . . . . . Time 69 | . . . . . . . . 69 . . . . . Total Part Build Rating 9 | . . . . . . . . 9 . . . . . Part Studies Acquired 1 | . . . . . . 1 . . . . . . . Parts Repaired . | . . . . . . . . . . . . . . Time . | . . . . . . . . . . . . . . Parts Recycled . | . . . . . . . . . . . . . . Recycled Matter . | . . . . . . . . . . . . . . Retrieved Matter . | . . . . . . . . . . . . . . Retrieved Components . | . . . . . . . . . . . . . . Parts Scanalyzed . | . . . . . . . . . . . . . . Part Schematics Acquired . | . . . . . . . . . . . . . . Parts Damaged . | . . . . . . . . . . . . . . Bothacking | -11 -10 -10 -10 -7 -7 -5 -4 -4 -3 -3 -2 -2 -2 ------------ Run | Yrd Mat Min Sub Rec Scr Fac Fac Arm Res Tes Res Qua Frg Used RIF Installer . | . . . . . . . . . . . . . . Robots Hacked . | . . . . . . . . . . . . . . Non-combat . | . . . . . . . . . . . . . . Combat . | . . . . . . . . . . . . . . Robot Hacks Applied . | . . . . . . . . . . . . . . Relay Couplers Released . | . . . . . . . . . . . . . . Fabnet Peak Effective % . | . . . . . . . . . . . . . . Robots Rewired 7 | . . . . . . . . 6 . . . . 1 Allies Hacked . | . . . . . . . . . . . . . . Hacks Repelled . | . . . . . . . . . . . . . . Allies | -11 -10 -10 -10 -7 -7 -5 -4 -4 -3 -3 -2 -2 -2 -------- Run | Yrd Mat Min Sub Rec Scr Fac Fac Arm Res Tes Res Qua Frg Total Allies 19 | . . 1 . . . . . 16 . 1 . . 1 Largest Group 15 | . . 1 1 . . . . 15 . 1 . . 1 Highest-Rated Group 791 | . . 31 31 . . . . 791 . 70 . . 98 Highest-Rated Ally 100 | . . 31 31 . . . . 100 . 70 . . 98 Total Orders 14 | . . . . . . 2 2 9 . . . . 1 STAY 4 | . . . . . . 1 . 2 . . . . 1 FOLLOW 2 | . . . . . . . . 2 . . . . . GUARD 5 | . . . . . . . . 5 . . . . . EXPLORE 2 | . . . . . . . 2 . . . . . . RETURN 1 | . . . . . . 1 . . . . . . . Ally Attacks 157 | . . 6 . . . . . 135 . 16 . . . Total Damage 5060 | . . 83 . . . . . 4696 . 281 . . . Kills 31 | . . 4 . . . . . 24 . 3 . . . Allies Corrupted 1 | . . . . . . . . 1 . . . . . Allies Melted 2 | . . . . . . . . 1 . 1 . . . Intel | -11 -10 -10 -10 -7 -7 -5 -4 -4 -3 -3 -2 -2 -2 ------- Run | Yrd Mat Min Sub Rec Scr Fac Fac Arm Res Tes Res Qua Frg Active Infowar (turns) 5210 | . . . . . . 1646 892 7 268 1289 117 603 388 Sensors 4672 | . . . . . . 1646 840 . 130 1289 117 602 48 Jamming 2045 | . . . . . . . 890 7 238 . 16 506 388 Robot Analysis Total 1 | . . . . . . . . . . . . 1 . Derelict Logs Recovered 1 | . . 1 . . . . . . . . . . . Drone Launches 9 | . . . . . . 3 6 . . . . . . Drone Recoveries 6 | . . . . . . 3 3 . . . . . . Exploration | -11 -10 -10 -10 -7 -7 -5 -4 -4 -3 -3 -2 -2 -2 ------------- Run | Yrd Mat Min Sub Rec Scr Fac Fac Arm Res Tes Res Qua Frg Turns Passed 10339 | 70 128 257 608 72 2109 2000 1012 1334 273 1289 117 603 467 Spaces Moved 8533 | 38 52 158 354 45 1435 1208 500 1216 608 1573 240 748 358 Core 61 | 2 . . . . . . . . . . . . 59 Treads 695 | 36 52 158 354 45 50 . . . . . . . . Legs 2998 | . . . . . 1385 1208 405 . . . . . . Wheels . | . . . . . . . . . . . . . . Hover 4779 | . . . . . . . 95 1216 608 1573 240 748 299 Flight . | . . . . . . . . . . . . . . Fastest Speed 30 | 50 160 160 160 160 125 117 44 38 30 30 30 30 36 Average Speed 83 | 154 160 160 160 160 143 121 104 70 32 31 30 32 43 Slowest Speed 750 | 160 160 160 160 160 195 187 260 105 85 36 30 94 750 Overloaded Moves . | . . . . . . . . . . . . . . Propulsion Burnouts . | . . . . . . . . . . . . . . Robots Hopped . | . . . . . . . . . . . . . . Potential Cave-ins . | . . . . . . . . . . . . . . Cave-ins Triggered . | . . . . . . . . . . . . . . Teleports 1 | . . . . . . . . . . . . . 1 Exploration Rate (%) 32 | 3 13 41 23 12 82 20 12 45 21 81 7 67 31 Regions Visited 13 Branch Regions 8 Pre-discovered Areas 3 | . . 1 1 . . 1 . . . . . . . Known Exits Taken 7 | . . . . . . 1 1 1 1 1 1 1 . Unknown Exits Taken 6 | 1 1 1 1 1 1 . . . . . . . . Scrap Searched 6 | . . 2 1 . 3 . . . . . . . . Spaces Dug 35 | . . . . . . 10 4 . 4 10 . 1 6 Terrain Destroyed 134 | . . . 99 . . 10 4 . 4 10 . 1 6 Melee 35 | . . . . . . 10 4 . 4 10 . 1 6 Projectile . | . . . . . . . . . . . . . . AOE 99 | . . . 99 . . . . . . . . . . Terrain Rammed . | . . . . . . . . . . . . . . Walls Destroyed . | . . . . . . . . . . . . . . Machines Disabled . | . . . . . . . . . . . . . . Actions | -11 -10 -10 -10 -7 -7 -5 -4 -4 -3 -3 -2 -2 -2 --------- Run | Yrd Mat Min Sub Rec Scr Fac Fac Arm Res Tes Res Qua Frg Total 11521 | 47 71 162 375 46 1486 1648 911 1693 679 2339 283 1103 678 Wait 2025 | 4 . 2 1 . 11 277 264 275 36 617 32 270 236 Move 8521 | 37 51 157 353 44 1434 1208 499 1215 607 1572 239 747 358 Hop . | . . . . . . . . . . . . . . Pick Up 122 | . . 3 1 . 17 20 11 39 2 14 3 9 3 Fast Attach 73 | 6 1 . . . 6 8 4 15 7 9 1 14 2 Attach 60 | . . . 2 1 4 10 18 4 4 4 4 1 8 Detach 22 | . . . 1 1 3 2 3 4 2 3 1 2 . Swap 46 | . 1 . 1 . 1 8 5 16 4 4 . 6 . Drop 148 | . 2 . . . 10 12 5 49 7 25 . 26 12 Fire 53 | . 16 . 16 . . 1 14 1 . 5 . . . Melee 386 | . . . . . . 101 63 40 10 86 3 27 56 Ram . | . . . . . . . . . . . . . . Kick . | . . . . . . . . . . . . . . Crush . | . . . . . . . . . . . . . . Escape Stasis 24 | . . . . . . . 24 . . . . . . Rewire 39 | . . . . . . . 1 35 . . . . 3 Trap 2 | . . . . . . 1 . . . . . 1 . Miscellaneous . | . . . . . . . . . . . . . . Route ------- -11/Scrapyard -10/Materials -10/Mines -10/Subcaves -7/Recycling -7/Scraptown (discovered 2 exits: *Fac x2) -5/Factory -4/Factory (discovered 2 exits: *Res / *Arm) -4/Armory -3/Research (discovered 2 exits: *Tes x2) -3/Testing -2/Research (discovered 2 exits: *Acc / *Qua) -2/Quarantine (discovered 2 exits: [*Sec] / *Frg) -2/Protoforge History --------- Turn | Location | Event 15 | -11/Scrapyard | Discovered new exit (range 15) 71 | -11/Scrapyard | Entered Materials 181 | -10/Materials | Discovered new exit (range 9) 199 | -10/Materials | Entered Mines 202 | -10/Mines | Received a Mining Laser from a helpful Derelict 305 | -10/Mines | Build established: Mutant 405 | -10/Mines | Learned location of Mines (-8) 448 | -10/Mines | Discovered new exit (range 6) 456 | -10/Mines | Entered Subcaves 456 | -10/Subcaves | Accompanied by 1 ally 599 | -10/Subcaves | Disturbed a concealed Subdweller 646 | -10/Subcaves | Lost 3 parts (1p2w) 654 | -10/Subcaves | Discovered new exit (range 11) 897 | -10/Subcaves | Learned location of Zion (-6) 897 | -10/Subcaves | Met a Zionite searching for "candidates" 1064 | -10/Subcaves | Entered Recycling 1098 | -7/Recycling | Scanned before Scraplab entrance 1122 | -7/Recycling | Entered Scraplab 1135 | -7/Recycling | Discovered new exit (range 2) 1136 | -7/Recycling | Entered Scraptown 1539 | -7/Scraptown | Discovered new exit (range 11) 1643 | -7/Scraptown | Visited Assassins FH 1662 | -7/Scraptown | Visited Awakened 1710 | -7/Scraptown | Visited Symbiants 1717 | -7/Scraptown | Visited The Evicted 1757 | -7/Scraptown | Visited SPCMW 1787 | -7/Scraptown | Visited Cave Peace 1828 | -7/Scraptown | Visited UFD Registry 1828 | -7/Scraptown | Registered with UFD as "Gammaspawn" 1895 | -7/Scraptown | Visited Modified Component R&D 1940 | -7/Scraptown | Visited Junk Repository 2005 | -7/Scraptown | Visited Cartography Club 2131 | -7/Scraptown | Visited Sword Containment 2149 | -7/Scraptown | Visited Scrapoid Pod Storage 2240 | -7/Scraptown | Visited Science Guys 2292 | -7/Scraptown | Visited Botcube Research 2300 | -7/Scraptown | Found Botcube 2336 | -7/Scraptown | Visited Junk Cannon Lab 2345 | -7/Scraptown | Found Prototype Special Weapon 2345 | -7/Scraptown | Identified Junk Cannon 2503 | -7/Scraptown | Visited Chapter 10 3118 | -7/Scraptown | Found Prototype Slashing Weapon 3118 | -7/Scraptown | Identified Companion Sword 3170 | -7/Scraptown | Met Optimus 3170 | -7/Scraptown | Accepted into 0bPrime 3240 | -7/Scraptown | Discovered new exit (range 5) 3245 | -7/Scraptown | Entered Factory 3245 | -5/Factory | Evolved 10 slots: Power x1, Propulsion x3, Utility x6 3698 | -5/Factory | Loaded intel: 8 recycling unit locations 4205 | -5/Factory | Central database locked down 4259 | -5/Factory | Cargo convoy interrupted 4576 | -5/Factory | Lost 3 parts (1p2n) 5186 | -5/Factory | Discovered new exit (range 14) 5218 | -5/Factory | Learned location of Protoforge (-2) 5243 | -5/Factory | Identified exit to Factory 5245 | -5/Factory | Entered another Factory area 5245 | -4/Factory | Evolved 2 slots: Utility x2 5326 | -4/Factory | Discovered new exit (range 19) 5802 | -4/Factory | Build established: Scavenger-Mutant 6205 | -4/Factory | Lost 10 parts (2p4n3u1w) 6251 | -4/Factory | Discovered new exit (range 12) 6256 | -4/Factory | Identified exit to Armory 6257 | -4/Factory | Entered Armory 6317 | -4/Armory | Assisted by bots powering up and referring to "LRC-V3" 6609 | -4/Armory | Build established: Commander-Mutant 6947 | -4/Armory | Botcube activated 6965 | -4/Armory | Botcube completed mutation into legged form, armed with 2 cannons. 7233 | -4/Armory | Discovered new exit (range 5) 7238 | -4/Armory | Identified exit to Research 7253 | -4/Armory | Lost 3 allies 7266 | -4/Armory | Fabricated Centrium Leg? 7393 | -4/Armory | Lost 3 allies 7538 | -4/Armory | Found Botcube 7573 | -4/Armory | Lost 3 allies 7591 | -4/Armory | Entered Research 7591 | -3/Research | Evolved 2 slots: Propulsion x2 7652 | -3/Research | Spotted B-86 Titan 7738 | -3/Research | Found Prototype Processor 7738 | -3/Research | Identified Exp. Targeting Computer 7815 | -3/Research | Spotted B-86 Titan 7834 | -3/Research | Discovered new exit (range 11) 7837 | -3/Research | Identified exit to Testing 7860 | -3/Research | Discovered exit to Testing (range 11) 7864 | -3/Research | Entered Testing 7890 | -3/Testing | Build established: Sprinter 7909 | -3/Testing | Found Prototype Energy Gun 7909 | -3/Testing | Identified Hyp. EM Gauss Rifle 7923 | -3/Testing | Protovariant out of control (PL-SQL5TEDE2V) 7939 | -3/Testing | Discovered new exit (range 16) 7946 | -3/Testing | Identified exit to Research 8229 | -3/Testing | Found Prototype Hackware 8476 | -3/Testing | Found Prototype Processor 8476 | -3/Testing | Identified Exp. Signal Interpreter 8666 | -3/Testing | Botcube activated 8684 | -3/Testing | Botcube completed mutation into legged form, armed with 2 guns. 8686 | -3/Testing | Attached CPS modules to Mutated Botcube. 9015 | -3/Testing | Spotted PH-UD3J8A29IW 9153 | -3/Testing | Entered Research 9153 | -2/Research | Evolved 2 slots: Utility x2 9171 | -2/Research | Discovered new exit (range 14) 9175 | -2/Research | Identified exit to Access 9214 | -2/Research | Identified System Mapper 9235 | -2/Research | Discovered new exit (range 4) 9235 | -2/Research | Identified exit to Quarantine 9270 | -2/Research | Entered Quarantine 9313 | -2/Quarantine | Forged Quantum Companion 9337 | -2/Quarantine | Found Alien Energy Cannon 9354 | -2/Quarantine | Found Alien Artifact 9403 | -2/Quarantine | Found Alien Impact Weapon 9510 | -2/Quarantine | Found Prototype Device 9510 | -2/Quarantine | Identified Exp. Actuator Array 9535 | -2/Quarantine | Build established: Hacker-Sprinter 9598 | -2/Quarantine | Found Alien Artifact 9629 | -2/Quarantine | Identified Core Reset Matrix 9629 | -2/Quarantine | Identified Core Stripper 9629 | -2/Quarantine | Identified Core Cannon 9629 | -2/Quarantine | Identified Transdimensional Reconstructor 9629 | -2/Quarantine | Used Core Reset Matrix 9633 | -2/Quarantine | Detected hypermatrix surge 9633 | -2/Quarantine | Sensed 12 artifacts in vicinity 9775 | -2/Quarantine | Found Subatomic Replicator 9776 | -2/Quarantine | Forged Prototype Slashing Weapon 9846 | -2/Quarantine | Spotted Fortress 9871 | -2/Quarantine | Discovered new exit (range 6) 9871 | -2/Quarantine | Discovered new exit (range 7) 9872 | -2/Quarantine | Identified exit to Protoforge 9873 | -2/Quarantine | Entered Protoforge 9874 | -2/Protoforge | Sensed 2 artifacts in vicinity 9891 | -2/Protoforge | Spotted Hotshot 9915 | -2/Protoforge | Destroyed Hotshot 9915 | -2/Protoforge | Spotted Hotshot 9919 | -2/Protoforge | Destroyed Hotshot 9925 | -2/Protoforge | Spotted Hotshot 9925 | -2/Protoforge | Destroyed Hotshot 9954 | -2/Protoforge | Build established: Mutant 10003 | -2/Protoforge | Spotted Hotshot 10006 | -2/Protoforge | Spotted Hotshot 10009 | -2/Protoforge | Spotted Hotshot 10028 | -2/Protoforge | Destroyed Hotshot 10053 | -2/Protoforge | Destroyed Hotshot 10067 | -2/Protoforge | Destroyed Hotshot 10091 | -2/Protoforge | Lost 3 parts (1p2u) 10118 | -2/Protoforge | Spotted Hotshot 10118 | -2/Protoforge | Spotted Hotshot 10118 | -2/Protoforge | Spotted Hotshot 10143 | -2/Protoforge | Destroyed Hotshot 10149 | -2/Protoforge | Destroyed Hotshot 10161 | -2/Protoforge | Rewired Hotshot 10195 | -2/Protoforge | Spotted Hotshot 10216 | -2/Protoforge | Destroyed Hotshot 10247 | -2/Protoforge | Spotted AP7-3 10247 | -2/Protoforge | Spotted AP7-3 10248 | -2/Protoforge | Superfortress began startup sequence 10280 | -2/Protoforge | Spotted EXE-6 10282 | -2/Protoforge | Spotted EXE-6 10286 | -2/Protoforge | Spotted Decapitator 10286 | -2/Protoforge | Spotted Decapitator 10287 | -2/Protoforge | Warped through subspace 10293 | -2/Protoforge | Core integrity fell below 50% 10325 | -2/Protoforge | Spotted EXE-6 10326 | -2/Protoforge | Spotted EXE-6 10335 | -2/Protoforge | Core integrity fell below 20% 10340 | -2/Protoforge | Destroyed by EXE-6 with Concept XC Strikerail Last Messages --------------- 10298_ Dropped CPS Tube. 10299_ Cld. Gravmag System destroyed. 10299_ Dropped Adv. Transmission Jammer. 10299_ Dropped Imp. Antigrav System. 10300_ Dropped Linear Gravjet. 10301_ Dropped Cld. Gravmag System. 10301_ Dropped Antigrav Array. 10302_ Exp. Propulsion Shielding destroyed. 10302_ Dropped Hcp. Storage Unit. 10302_ Quantum Shading Machine destroyed. 10325_ URNFJX,FOH SVZ84&DK>B, Map ----- +----------------------------------------------------+ | """"""""""""""""""" " """ " "#????????????? | | """"""??""""""""""" "" """ " "#????????????? | | ????????""""""""""" "" " "" " "#????????????? | | ????????"""""""""""" "" " "#????????????? | | ????????"""""""""""" " " "" "" " "#????????????? | | ????????"""""""""""" " " "#????????????? | | ????????"""""""""""" "" " #????????????? | | ????????"""""""""""" " " """ #????????????? | | ????????"""""""""""" "" ##???????????? | | ?????????""""""""""" " #???????????? | | ?????????""""""""""" " "" "" #???????????? | | ?????????""""""""""" " "" " ##???????????? | | ?????????"""""""""" "" " " "#????????????? | | ??????????""""""""" """ " #????????????? | | "?????????""""""""" "" """ #????????????? | | "??????????"""""""m " " #????????????? | | ""?????????"""""" "" " " "" #????????????? | | ""?????????""""" " " """" #????????????? | | """?????????""" " " " """ #????????????? | | """?????????"" "" " " "" #????????????? | | """?????????" "" "" " "" #????????????? | | """???????? "" "" #????????????? | | ????????" "" "" """ """ #????????????? | | "" ????? "" "" "" """" #????????????? | | ????? " " " """" #????????????? | | ?????" """" " ""@ """ "" #????????????? | | """ ?????" """""""""" ?" #????????????? | | """ "?????? ? #????????????? | | " "???????? """ ?? " "" """" #????????????? | | ???????? "" ??? " "" #????????????? | | " ?????????? ????" "" "" #????????????? | | "" ??????????? ???? " "" #????????????? | | " ???????????????? "? " #????????????? | | ??????????????? ? " #????????????? | | ??????????????? """ ? #????????????? | | """"????????????????"" ? ?? #????????????? | | ???????????????????" ??"????""#????????????? | | ##?????????????????####k//#??????????????????????? | | ?????????????????????? ???????????????????????? | | ?????????????????????? ???????????????????????? | | ??????????????????????? ???????????????????????? | | ?????????????????????????????????????????????????? | | ?????????????????????????????????????????????????? | | ?????????????????????????????????????????????????? | | ?????????????????????????????????????????????????? | | ?????????????????????????????????????????????????? | | ?????????????????????????????????????????????????? | | ?????????????????????????????????????????????????? | | ?????????????????????????????????????????????????? | | ?????????????????????????????????????????????????? | +----------------------------------------------------+ Best States ------------- Heat Dissipation 62 Coolant Potential 65 Energy Generation 45 Energy Capacity 370 Matter Stores 300 Matter Capacity 500 Sight Range 16 Robot Scan Range 16 Terrain Scan Density 10 Jamming Range 16 Additional Mass Support 20 Corruption Containment 12 Armor Coverage 600 Resistance: KI 25 Resistance: TH 15 Resistance: EM 20 Propulsion Shielding 90 Utility Shielding 66 Melee Speed Boost 50 Phase Shifting 5 Evasion (%) 71 Melee Accuracy 6 Core Analysis 9 Armor Integrity Analysis 40 Recoil Reduction 2 Offensive Hacking 20 Item Schematics ----------------- None Robot Schematics ------------------ None Fabricated ------------ Centrium Leg | x1 | -4/Armory | Preloaded Repaired ---------- Nothing Studied --------- None Alien Tech Used ----------------- Core Reset Matrix Subatomic Replicator Transdimensional Reconstructor Achievements -------------- None Challenges ------------ None Game ------ Seed ArcRegenerativeMachine Manual? 0 Play Time 02:01:05 Cumulative 559.4 hours Start 2025.11.17 @ 10:57:01 End 2025.11.17 @ 15:05:03 Sessions 1 Manual Loads 0 Difficulty Rogue Special Mode None Game No. 896 Rogue 741 Adventurer 148 Explorer 7 Win Type - Total 26 Types 20/1/4/1/0/0/0/0/0/0 Lore% 81 Gallery% 82 Achievement% 67 Wizard Run 0 Options --------- Layout 1 ASCII 0 Keyboard 0 Movement Numpad Keybinds 0 Fullscreen 2 Font 24/Smallcaps Map View 50x35 Zoom Use 0% Tactical HUD 1 Map Filters NONE Filters NONE Steam 1 RUN: 83233978-f505-4e6b-9c27-b23fed26a80c